 Dungeon Crawl Stone Soup version 0.28-a0-872-g80cf8599ee (webtiles) character file.

Game seed: 11880358349923672004

107 killozap the Skirmisher (level 4, -2/30 HPs)
             Began as a Gargoyle Fighter on Nov 20, 2021.
             Was a Believer of Dithmenos.
             Slain by a jelly (3 damage)
             ... on level 3 of the Dungeon.
             The game lasted 00:04:13 (2205 turns).

killozap the Skirmisher (Gargoyle Fighter)          Turns: 2205, Time: 00:04:13

Health: -2/30      AC: -1    Str: 20    XL:     4   Next: 85%
Magic:  4/4        EV:  9    Int:  9    God:    Dithmenos [**....]
Gold:   79         SH:  4    Dex:  9    Spells: 3/3 levels left

rFire   . . .      SeeInvis +   a - +0 flail
rCold   . . .      Faith    .   c - +0 buckler
rNeg    + . .      Spirit   .   b - +0 scale mail
rPois   ∞          Reflect  .   (no helmet)
rElec   +          Harm     .   (no cloak)
rCorr   .          Rampage  .   (no gloves)
Will    .....                   (no boots)
Stlth   ..........              (no amulet)
HPRegen 0.10/turn               f - ring of see invisible
MPRegen 0.09/turn               (no ring)

@: corroded, wreathed by umbra
A: sickness immunity, AC +3, negative energy resistance 1, electricity
resistance, torment resistance 1, petrification resistance
a: Renounce Religion, Shadow Step


You were on level 3 of the Dungeon.
You worshipped Dithmenos.
Dithmenos was pleased with you.
You visited 1 branch of the dungeon, and saw 3 of its levels.

You collected 79 gold pieces.

Inventory:

Hand Weapons
 a - a +0 flail (weapon)
Armour
 b - a +0 scale mail (worn)
 c - a +0 buckler (worn)
Jewellery
 f - a ring of see invisible (left hand)
Scrolls
 g - 2 scrolls of summoning {unknown}
 h - 2 scrolls of noise {unknown}
 k - a scroll of amnesia {unknown}
 n - a scroll of fear {unknown}
Potions
 d - a potion of might
 e - a potion of berserk rage {unknown}
 i - a potion of mutation {unknown}
 j - 2 potions of invisibility {unknown}
 l - a potion of magic {unknown}
 m - a potion of haste {unknown}


   Skills:
 + Level 4.5 Fighting
 + Level 3.4 Maces & Flails
 - Level 3.2 Armour
 - Level 4.0 Shields


You had 3 spell levels left.
You didn't know any spells.
Your spell library was empty.

Dungeon Overview and Level Annotations

Branches:
Dungeon (3/15)

Altars:
Cheibriados
Dithmenos
Elyvilon
Vehumet


Innate Abilities, Weirdness & Mutations

You are immune to sickness and miasma.
Your stone body is resilient. (AC +3)
You are immune to poison.
You resist negative energy. (rN+)
You are resistant to electric shocks. (rElec)
You are resistant to unholy torment.
You are immune to petrification.


Message History

You barely miss the kobold. The kobold closely misses you.
You thump the kobold!
You kill the kobold!
Dithmenos accepts your kill.
You can now step into the shadows of nearby creatures.
No target in view!
No target in view!
Things that are here:
a +0 whip; a kobold corpse You hear the slow rusting of a very distant drain.
You open the door.
There is an open door here.
As you open the door, it creaks loudly!
Found a snail-covered altar of Cheibriados.
There is an open door here.
There is an open door here.
You open the door.
Found a white marble altar of Elyvilon.
There is an open door here.
You open the door.
Found a radiant altar of Vehumet.
There is an open door here.
There is an open door here.
A jelly comes into view.
The jelly quivers.
The jelly hits you but does no damage.
You sock the jelly! The acid corrodes you!
Your hands burn!
The jelly is severely wounded.
The jelly closely misses you. The jelly hits you.
You are splashed with acid.
You hit the jelly. The acid corrodes you!
Your hands burn!
The jelly is almost dead.
The jelly hits you. The acid corrodes you!
You are splashed with acid!
* * * LOW HITPOINT WARNING * * *
You are too injured to fight recklessly!
You are too injured to fight recklessly!
You hit the jelly but do no damage.
Your hands burn!
* * * LOW HITPOINT WARNING * * *
The jelly is almost dead.
The jelly hits you.
You die...

. . #. ### #. ##_###.#
#...##.. ####'####J##
##.#...#.##@##
###_.'.⌠.'._##.#
#.##.#...#.###.# #.#.#
#.#####'######.# ....
###.####...##.#.## ...#
#.)....##.##...## .# #..#
#......##.###.####.###
#..#
#....................#
#..#
#......#.#####.###.#.####
#..#


You could see a jelly.

Vanquished Creatures
  Terence (D:2)
  3 adders (D:2)
  A worm (D:2)
  2 dart slugs (D:1)
  5 bats
  3 endoplasms
  A giant cockroach (D:2)
  4 goblins
  A hobgoblin (D:2)
  2 jackals (D:2)
  4 kobolds
  4 quokkas
  7 ball pythons
  2 frilled lizards
  7 rats
47 creatures vanquished.

Notes
Turn   | Place    | Note
-------+----------+-------------------------------------------
     0 | D:1      | killozap the Gargoyle Fighter began the quest for the Orb.
     0 | D:1      | Reached XP level 1. HP: 14/14 MP: 1/1
   113 | D:1      | Reached XP level 2. HP: 18/19 MP: 2/2
   340 | D:1      | Found a faded altar of an unknown god.
   405 | D:1      | Prayed at the altar of an unknown god.
   405 | D:1      | Became a worshipper of Dithmenos the Shadowed
   405 | D:1      | Reached * piety under Dithmenos
   780 | D:1      | Reached XP level 3. HP: 24/24 MP: 3/3
  1428 | D:2      | Reached XP level 4. HP: 29/29 MP: 4/4
  1618 | D:2      | Noticed Terence
  1629 | D:2      | Killed Terence
  2158 | D:3      | Reached ** piety under Dithmenos
  2175 | D:3      | Found a snail-covered altar of Cheibriados.
  2180 | D:3      | Found a white marble altar of Elyvilon.
  2185 | D:3      | Found a radiant altar of Vehumet.
  2205 | D:3      | HP: 1/30 [acid (4)]
  2205 | D:3      | Slain by a jelly

Illustrated notes

Levels and vault maps discovered:
D:1:      eino_arrival_tree_alley, layout_loops_corners,
          hellmonk_ecumenical_altar_run_dry, minmay_pentomino_u4
D:2:      layout_rooms, dk_noncrumbling_2, minmay_misc_feat_square, uniq_terence
D:3:      layout_loops_ring, amcnicky_altar_gilded,
          grunt_temple_overflow_diamond, bloody_makhleb,
          lightli_sewer_entry_pipes, minmay_misc_feat_x,
          chequers_serial_rivers_micro_e

Skill      XL: |  1  2  3  4 |
---------------+-------------+-----
Fighting       | 4 |  4.5
Shields        | 4 |  4.0
Maces & Flails | 3 |  3.4
Armour         | |  3.2

Action                   |  1- 3 |  4- 6 || total
-------------------------+-------+-------++-------
Melee: Flail             |   130 |    62 ||   192
Armor: Scale mail        |    61 |    26 ||    87
Dodge: Dodged            |    82 |    44 ||   126
Block: Buckler           |    33 |    19 ||    52

Table legend: (Time is in decaauts)
 A = Elapsed time spent in this place.
 B = Non-inter-level travel time spent in this place.
 C = Inter-level travel time spent in this place.
 D = Time resting spent in this place.
 E = Time spent auto-exploring this place.
 F = Levels seen in this place.
 G = Mean time per level.
                   A        B        C        D        E       F      G
               +--------+--------+--------+--------+--------+-----+--------+
         Total |   2255 |   2213 |     42 |      0 |   1820 |   3 |  751.7 |
       Dungeon |   2255 |   2213 |     42 |      0 |   1820 |   3 |  751.7 |
               +--------+--------+--------+--------+--------+-----+--------+

Top non-repeatable levels by time:
     D:1: 1216 daAuts
     D:2: 901 daAuts
     D:3: 137 daAuts
